[ AOE2 MATCH · #477993467 ]
UnrankedBohemians vs Khmer
Player's team · LOSS
[ REPLAY ANALYSIS · EXTRACTED FROM THE RECORDED GAME ]
Feudal
2:21
Castle
12:26
Imperial
22:40
| APM avg | 16.2 |
| APM peak | 33 |
| eAPM avg | 14.0 |
| Villagers / military | 111 / 364 |
Focus
⚔️ 35.8% · 🌾 64.2%
Spearman ×286 · Scorpion ×54 · Trade Cart ×19 · Hussite Wagon ×15 · Bombard Cannon ×7 · Mangonel ×2
Feudal
2:36
Castle
5:34
Imperial
16:48
| APM avg | 21.2 |
| APM peak | 94 |
| eAPM avg | 19.4 |
| Villagers / military | 267 / 500 |
Focus
⚔️ 34.2% · 🌾 65.8%
Spearman ×336 · Scout Cavalry ×85 · Ballista Elephant ×39 · Battle Elephant ×35 · Trade Cart ×24 · Trebuchet (Packed) ×3
Feudal
3:29
Castle
5:45
Imperial
15:09
| APM avg | 29.7 |
| APM peak | 56 |
| eAPM avg | 22.8 |
| Villagers / military | 96 / 557 |
Focus
⚔️ 34.1% · 🌾 65.9%
Knight ×432 · Leitis ×106 · Trade Cart ×51 · Bombard Cannon ×10 · Monk ×5 · Mangonel ×4
Feudal
9:30
Castle
12:37
Imperial
—
| APM avg | 7.8 |
| APM peak | 37 |
| eAPM avg | 5.5 |
| Villagers / military | 82 / 10 |
Focus
⚔️ 12.8% · 🌾 87.2%
Spearman ×6 · Battering Ram ×2 · Mangonel ×1 · Scorpion ×1
Feudal
3:10
Castle
5:53
Imperial
15:45
| APM avg | 50.0 |
| APM peak | 95 |
| eAPM avg | 34.8 |
| Villagers / military | 143 / 552 |
Focus
⚔️ 30.8% · 🌾 69.2%
Scout Cavalry ×330 · Scorpion ×127 · Battle Elephant ×64 · Trade Cart ×49 · Knight ×25 · Battering Ram ×4
Feudal
5:10
Castle
12:37
Imperial
21:16
| APM avg | 8.8 |
| APM peak | 28 |
| eAPM avg | 7.9 |
| Villagers / military | 128 / 103 |
Focus
⚔️ 19.9% · 🌾 80.1%
Hand Cannoneer ×53 · Janissary ×45 · Cavalry Archer ×5 · Trade Cart ×2
Feudal
4:48
Castle
8:11
Imperial
19:45
| APM avg | 31.4 |
| APM peak | 95 |
| eAPM avg | 24.4 |
| Villagers / military | 164 / 623 |
Focus
⚔️ 32.9% · 🌾 67.1%
Spearman ×288 · Samurai ×149 · Mangonel ×71 · Militia ×65 · Cavalry Archer ×35 · Trade Cart ×32
Feudal
4:31
Castle
6:33
Imperial
17:15
| APM avg | 23.4 |
| APM peak | 42 |
| eAPM avg | 17.2 |
| Villagers / military | 109 / 555 |
Focus
⚔️ 33.5% · 🌾 66.5%
Knight ×284 · Throwing Axeman ×125 · Spearman ×120 · Trade Cart ×41 · Bombard Cannon ×20 · Trebuchet (Packed) ×5
Match map
Initial resources + every placement click. Lines = walls · curves = elevation contours. ◆ gold · ⬟ stone · ● berries · ✦ relic · ◌ wall gap
Inputs per minute
— DinoZur sur la cote d'Azur - - ali_bs_casa
Build order — DinoZur sur la cote d'Azur
First 150 of 390 actions detected
| 0:08 | Build | House |
| 0:08 | Build | House |
| 0:09 | Build | House |
| 0:09 | Build | House |
| 0:10 | Build | House |
| 0:17 | Build | Mill |
| 0:27 | Build | Lumber Camp |
| 0:57 | Research | Loom |
| 1:29 | Research | Feudal Age |
| 2:21 | Age | Feudal Age |
| 2:56 | Create | Villager (Male) |
| 2:56 | Create | Villager (Male) |
| 2:57 | Create | Villager (Male) |
| 2:57 | Create | Villager (Male) |
| 4:20 | Build | Stone Wall |
| 4:27 | Create | Villager (Male) |
| 4:27 | Create | Villager (Male) |
| 4:28 | Create | Villager (Male) |
| 4:28 | Create | Villager (Male) |
| 4:57 | Create | Villager (Male) |
| 4:57 | Create | Villager (Male) |
| 4:57 | Create | Villager (Male) |
| 5:57 | Build | House |
| 5:57 | Build | House |
| 5:58 | Build | House |
| 6:15 | Build | Stone Wall |
| 6:38 | Research | Horse Collar |
| 6:41 | Research | Double-Bit Axe |
| 6:56 | Build | Market |
| 7:30 | Create | Villager (Male) |
| 7:30 | Create | Villager (Male) |
| 7:31 | Create | Villager (Male) |
| 7:38 | Build | Farm |
| 7:38 | Build | Farm |
| 7:38 | Build | Farm |
| 7:39 | Build | Farm |
| 7:40 | Build | Farm |
| 8:17 | Create | Villager (Male) |
| 8:17 | Create | Villager (Male) |
| 8:18 | Create | Villager (Male) |
| 8:35 | Build | House |
| 8:35 | Build | House |
| 9:04 | Build | Stone Wall |
| 9:17 | Build | Farm |
| 9:18 | Build | Farm |
| 9:18 | Build | Farm |
| 9:19 | Build | Farm |
| 9:25 | Build | Farm |
| 9:37 | Build | Blacksmith |
| 9:39 | Create | Trade Cart |
| 9:39 | Create | Trade Cart |
| 9:40 | Create | Trade Cart |
| 9:40 | Create | Trade Cart |
| 10:03 | Build | Farm |
| 10:06 | Build | Farm |
| 10:09 | Research | Town Watch |
| 10:26 | Build | Building 490 |
| 10:48 | Build | Stone Wall |
| 11:17 | Build | Farm |
| 11:22 | Research | Castle Age |
| 11:33 | Build | Mining Camp |
| 11:45 | Build | House |
| 11:46 | Build | House |
| 11:46 | Build | House |
| 11:47 | Build | House |
| 11:47 | Build | House |
| 11:48 | Build | House |
| 12:08 | Create | Trade Cart |
| 12:08 | Create | Trade Cart |
| 12:08 | Create | Trade Cart |
| 12:26 | Create | Villager (Male) |
| 12:26 | Age | Castle Age |
| 12:26 | Create | Villager (Male) |
| 12:27 | Create | Villager (Male) |
| 12:27 | Create | Villager (Male) |
| 12:27 | Create | Villager (Male) |
| 12:31 | Research | Bow Saw |
| 12:32 | Research | Bow Saw |
| 12:42 | Build | Town Center |
| 12:54 | Build | Siege Workshop |
| 13:06 | Create | Villager (Male) |
| 13:06 | Create | Villager (Male) |
| 13:06 | Create | Villager (Male) |
| 13:07 | Create | Villager (Male) |
| 13:07 | Create | Villager (Male) |
| 13:07 | Create | Villager (Male) |
| 13:30 | Create | Mangonel |
| 13:50 | Build | Siege Workshop |
| 14:24 | Create | Villager (Male) |
| 14:24 | Create | Villager (Male) |
| 14:25 | Create | Villager (Male) ×5 |
| 14:25 | Create | Villager (Male) ×5 |
| 14:40 | Build | Town Center |
| 14:43 | Create | Villager (Male) |
| 14:43 | Create | Villager (Male) |
| 14:48 | Research | Heavy Plow |
| 15:14 | Build | Stone Wall |
| 15:30 | Build | Stone Wall |
| 15:35 | Build | Building 487 |
| 15:39 | Create | Villager (Male) |
| 15:39 | Create | Villager (Male) |
| 15:39 | Create | Villager (Male) |
| 15:40 | Create | Villager (Male) |
| 15:47 | Build | House |
| 15:48 | Build | House |
| 15:48 | Build | House |
| 15:48 | Build | House |
| 15:49 | Build | House |
| 15:49 | Build | House |
| 15:53 | Create | Villager (Male) |
| 15:53 | Create | Villager (Male) |
| 15:53 | Create | Villager (Male) |
| 15:53 | Create | Villager (Male) |
| 16:01 | Build | Town Center |
| 16:33 | Build | University |
| 16:36 | Research | Caravan |
| 16:37 | Research | Coinage |
| 16:38 | Create | Trade Cart |
| 16:38 | Create | Trade Cart |
| 17:02 | Create | Mangonel |
| 17:07 | Research | Town Patrol |
| 17:13 | Create | Villager (Male) |
| 17:13 | Create | Villager (Male) |
| 17:13 | Create | Villager (Male) |
| 17:50 | Build | Stone Wall |
| 17:59 | Research | Fortified Wall (upgrade) |
| 18:17 | Research | Chemistry |
| 18:50 | Build | Stone Wall |
| 18:59 | Research | Wheelbarrow |
| 19:14 | Build | Castle |
| 19:21 | Create | Villager (Male) |
| 19:21 | Create | Villager (Male) |
| 19:54 | Build | Castle |
| 20:11 | Build | Siege Workshop |
| 21:16 | Research | Wagenburg Tactics |
| 21:16 | Research | Wagenburg Tactics |
| 21:25 | Research | Imperial Age |
| 21:48 | Build | Barracks |
| 21:48 | Build | Barracks |
| 21:49 | Build | Barracks |
| 21:49 | Build | Barracks |
| 21:49 | Build | Barracks |
| 21:50 | Build | Barracks |
| 21:53 | Create | Hussite Wagon |
| 21:53 | Create | Hussite Wagon |
| 21:53 | Create | Hussite Wagon |
| 21:56 | Create | Hussite Wagon |
| 21:56 | Create | Hussite Wagon |
| 21:57 | Create | Hussite Wagon |
| 21:57 | Create | Hussite Wagon |
Build order — ali_bs_casa
First 150 of 480 actions detected
| 0:04 | Create | Villager (Male) |
| 0:05 | Create | Villager (Male) |
| 0:05 | Create | Villager (Male) |
| 0:05 | Create | Villager (Male) |
| 0:09 | Build | House |
| 0:09 | Build | House |
| 0:10 | Build | House |
| 0:37 | Build | Palisade Wall |
| 1:05 | Build | Mill |
| 1:10 | Research | Feudal Age |
| 2:06 | Build | Palisade Wall |
| 2:18 | Build | Lumber Camp |
| 2:36 | Age | Feudal Age |
| 2:59 | Build | Stone Wall |
| 3:04 | Research | Double-Bit Axe |
| 3:07 | Create | Villager (Male) |
| 3:08 | Create | Villager (Male) |
| 3:08 | Create | Villager (Male) |
| 3:42 | Build | Market |
| 4:30 | Research | Castle Age |
| 5:00 | Build | Building 673 |
| 5:31 | Build | House |
| 5:34 | Age | Castle Age |
| 5:37 | Create | Villager (Male) |
| 5:38 | Create | Villager (Male) |
| 5:50 | Build | Town Center |
| 6:00 | Research | Wheelbarrow |
| 6:35 | Build | Stone Wall |
| 7:29 | Build | Town Center |
| 7:37 | Create | Villager (Male) |
| 7:37 | Create | Villager (Male) |
| 7:38 | Create | Villager (Male) |
| 7:39 | Create | Villager (Male) |
| 7:40 | Create | Villager (Male) |
| 7:54 | Build | Building 490 |
| 8:10 | Build | Farm |
| 8:13 | Research | Horse Collar |
| 8:17 | Build | Farm |
| 8:22 | Create | Villager (Male) |
| 8:22 | Research | Loom |
| 8:36 | Build | Farm |
| 8:47 | Build | Monastery |
| 8:49 | Create | Villager (Male) |
| 8:49 | Create | Villager (Male) |
| 9:00 | Create | Villager (Male) |
| 9:00 | Create | Villager (Male) |
| 9:23 | Create | Villager (Male) ×2 |
| 9:33 | Build | Farm |
| 9:53 | Build | House |
| 9:58 | Build | Farm |
| 10:07 | Create | Villager (Male) |
| 10:24 | Build | Farm |
| 10:27 | Create | Villager (Male) |
| 10:28 | Create | Villager (Male) |
| 10:36 | Create | Monk |
| 10:50 | Build | Siege Workshop |
| 10:53 | Create | Villager (Male) |
| 10:53 | Create | Villager (Male) |
| 11:00 | Create | Villager (Male) |
| 11:05 | Build | Farm |
| 11:15 | Build | House |
| 11:19 | Build | Farm |
| 11:42 | Build | Town Center |
| 11:53 | Build | Farm |
| 11:53 | Build | Farm |
| 11:54 | Build | Farm |
| 11:54 | Build | Farm |
| 11:54 | Build | Farm |
| 11:55 | Build | Farm |
| 12:23 | Build | Lumber Camp |
| 12:30 | Research | Bow Saw |
| 12:38 | Create | Villager (Male) |
| 12:47 | Create | Villager (Male) ×5 |
| 12:48 | Create | Villager (Male) |
| 13:10 | Create | Villager (Male) ×5 |
| 13:10 | Create | Villager (Male) ×5 |
| 13:25 | Research | Heavy Plow |
| 13:35 | Build | House |
| 13:35 | Build | House |
| 13:35 | Build | House |
| 13:36 | Build | House |
| 14:11 | Build | Castle |
| 14:14 | Create | Villager (Male) ×5 |
| 14:15 | Create | Villager (Male) ×5 |
| 14:22 | Build | Farm |
| 14:32 | Build | Stable |
| 14:51 | Research | Imperial Age |
| 15:00 | Create | Villager (Male) ×3 |
| 15:01 | Create | Villager (Male) ×3 |
| 15:28 | Build | Mining Camp |
| 15:32 | Research | Caravan |
| 15:38 | Research | Light Cavalry (upgrade) |
| 15:50 | Build | Castle |
| 15:53 | Research | Bloodlines |
| 16:05 | Build | Farm |
| 16:06 | Build | Farm |
| 16:06 | Build | Farm |
| 16:07 | Build | Farm |
| 16:07 | Build | Farm |
| 16:08 | Build | Farm |
| 16:08 | Build | Farm |
| 16:09 | Build | Farm |
| 16:16 | Create | Ballista Elephant |
| 16:17 | Create | Ballista Elephant |
| 16:17 | Create | Ballista Elephant |
| 16:26 | Build | Stable |
| 16:27 | Build | Stable |
| 16:27 | Build | Stable |
| 16:40 | Build | University |
| 16:48 | Age | Imperial Age |
| 16:55 | Create | Villager (Male) ×5 |
| 16:55 | Create | Villager (Male) |
| 17:13 | Research | Hussar (upgrade) |
| 17:25 | Research | Husbandry |
| 17:27 | Create | Villager (Male) ×4 |
| 17:27 | Create | Villager (Male) ×4 |
| 17:30 | Create | Villager (Male) |
| 17:30 | Create | Villager (Male) |
| 17:34 | Build | House |
| 17:55 | Create | Trade Cart |
| 17:55 | Create | Trade Cart |
| 17:55 | Create | Trade Cart |
| 17:56 | Create | Trade Cart |
| 17:56 | Create | Trade Cart |
| 18:06 | Build | Mining Camp |
| 18:12 | Research | Masonry |
| 18:13 | Research | Ballistics |
| 18:21 | Build | Castle |
| 18:27 | Build | Blacksmith |
| 18:39 | Build | Market |
| 18:39 | Build | Market |
| 18:40 | Build | Market |
| 18:50 | Research | Conscription |
| 18:50 | Research | Conscription |
| 19:00 | Create | Ballista Elephant |
| 19:00 | Create | Ballista Elephant |
| 19:01 | Create | Ballista Elephant |
| 19:01 | Create | Ballista Elephant |
| 19:01 | Create | Ballista Elephant |
| 19:02 | Create | Ballista Elephant |
| 19:02 | Create | Ballista Elephant |
| 19:02 | Create | Ballista Elephant |
| 19:10 | Research | Forging |
| 19:11 | Research | Forging |
| 19:11 | Research | Scale Barding Armor |
| 19:21 | Research | Chemistry |
| 19:24 | Create | Villager (Male) ×5 |
| 19:24 | Create | Villager (Male) ×5 |
| 19:39 | Create | Ballista Elephant |
| 19:39 | Create | Ballista Elephant |
Build order — MochaFeline
First 150 of 457 actions detected
| 0:04 | Create | Villager (Male) ×5 |
| 0:07 | Build | House |
| 0:08 | Build | House |
| 0:33 | Create | Villager (Male) |
| 1:12 | Create | Villager (Male) |
| 1:42 | Create | Villager (Male) |
| 1:54 | Build | Lumber Camp |
| 2:11 | Build | Mill |
| 2:37 | Research | Feudal Age |
| 3:11 | Create | Villager (Male) |
| 3:29 | Age | Feudal Age |
| 3:31 | Create | Villager (Male) |
| 3:39 | Build | Blacksmith |
| 4:02 | Build | Market |
| 4:14 | Research | Loom |
| 4:14 | Create | Villager (Male) |
| 4:40 | Research | Castle Age |
| 5:10 | Build | House |
| 5:11 | Build | House |
| 5:23 | Research | Double-Bit Axe |
| 5:25 | Research | Horse Collar |
| 5:45 | Age | Castle Age |
| 5:48 | Create | Villager (Male) |
| 5:48 | Create | Villager (Male) |
| 5:55 | Research | Bow Saw |
| 6:23 | Build | Town Center |
| 6:30 | Create | Villager (Male) |
| 6:40 | Build | Monastery |
| 6:57 | Create | Villager (Male) |
| 7:10 | Build | Town Center |
| 7:13 | Create | Monk |
| 7:16 | Create | Villager (Male) |
| 7:21 | Research | Heavy Plow |
| 7:31 | Create | Villager (Male) |
| 7:32 | Create | Monk |
| 7:42 | Create | Villager (Male) |
| 7:43 | Create | Villager (Male) |
| 7:55 | Research | Fervor |
| 8:04 | Create | Villager (Male) |
| 8:08 | Build | Farm |
| 8:10 | Build | Farm |
| 8:12 | Create | Villager (Male) |
| 8:44 | Create | Villager (Male) |
| 8:47 | Research | Wheelbarrow |
| 8:56 | Build | Town Center |
| 8:59 | Create | Villager (Male) |
| 9:03 | Create | Villager (Male) |
| 9:08 | Create | Villager (Male) |
| 9:11 | Build | Farm |
| 9:19 | Create | Villager (Male) |
| 9:23 | Create | Villager (Male) |
| 9:28 | Build | House |
| 9:30 | Build | House |
| 9:31 | Build | Farm |
| 9:34 | Create | Villager (Male) |
| 9:36 | Build | Farm |
| 9:39 | Create | Villager (Male) |
| 9:43 | Build | Farm |
| 9:50 | Create | Villager (Male) |
| 9:59 | Build | Farm |
| 10:00 | Create | Villager (Male) |
| 10:08 | Create | Villager (Male) |
| 10:09 | Create | Villager (Male) |
| 10:12 | Create | Villager (Male) |
| 10:18 | Build | Farm |
| 10:19 | Create | Villager (Male) |
| 10:21 | Research | Sanctity |
| 10:24 | Build | Farm |
| 10:25 | Create | Villager (Male) |
| 10:36 | Build | Farm |
| 10:37 | Create | Villager (Male) |
| 10:50 | Build | Town Center |
| 10:51 | Create | Villager (Male) |
| 10:55 | Research | Hand Cart |
| 10:58 | Build | Farm |
| 10:59 | Build | Farm |
| 11:00 | Create | Villager (Male) |
| 11:03 | Build | Farm |
| 11:12 | Build | Farm |
| 11:13 | Create | Villager (Male) |
| 11:18 | Build | Farm |
| 11:21 | Create | Villager (Male) |
| 11:24 | Build | Farm |
| 11:26 | Create | Villager (Male) |
| 11:28 | Build | Lumber Camp |
| 11:31 | Build | Farm |
| 11:33 | Create | Villager (Male) |
| 11:34 | Create | Villager (Male) |
| 11:43 | Create | Villager (Male) |
| 11:47 | Build | Mining Camp |
| 11:54 | Create | Villager (Male) |
| 12:00 | Create | Villager (Male) |
| 12:07 | Create | Villager (Male) |
| 12:09 | Create | Villager (Male) |
| 12:13 | Research | Gold Mining |
| 12:16 | Create | Villager (Male) |
| 12:24 | Create | Villager (Male) |
| 12:26 | Create | Villager (Male) |
| 12:31 | Build | Farm |
| 12:33 | Create | Villager (Male) |
| 12:41 | Build | House |
| 12:42 | Build | House |
| 12:45 | Build | House |
| 12:46 | Build | House |
| 12:46 | Build | House |
| 12:49 | Build | Farm |
| 12:50 | Create | Villager (Male) |
| 12:52 | Build | Farm |
| 12:53 | Create | Villager (Male) |
| 13:01 | Build | Mining Camp |
| 13:03 | Create | Villager (Male) |
| 13:05 | Build | Farm |
| 13:07 | Build | Farm |
| 13:08 | Create | Villager (Male) |
| 13:14 | Build | University |
| 13:19 | Build | Blacksmith |
| 13:21 | Create | Villager (Male) |
| 13:21 | Create | Villager (Male) |
| 13:24 | Create | Villager (Male) |
| 13:26 | Create | Villager (Male) |
| 13:27 | Create | Villager (Male) |
| 13:34 | Create | Villager (Male) |
| 13:35 | Create | Villager (Male) |
| 13:42 | Build | Farm |
| 13:45 | Create | Villager (Male) |
| 13:47 | Research | Treadmill Crane |
| 13:52 | Research | Imperial Age |
| 14:02 | Build | Castle |
| 14:07 | Create | Villager (Male) |
| 14:07 | Create | Villager (Male) |
| 14:11 | Build | Farm |
| 14:12 | Build | Farm |
| 14:14 | Create | Villager (Male) |
| 14:19 | Build | House |
| 14:20 | Build | House |
| 14:21 | Build | House |
| 14:22 | Build | House |
| 14:23 | Build | House |
| 14:24 | Create | Villager (Male) |
| 14:25 | Create | Villager (Male) |
| 14:32 | Build | Farm |
| 14:33 | Create | Villager (Male) |
| 14:34 | Create | Villager (Male) |
| 14:36 | Research | Scale Barding Armor |
| 14:39 | Research | Forging |
| 14:42 | Create | Monk |
| 14:46 | Build | Farm |
| 14:47 | Create | Villager (Male) |
| 14:55 | Create | Villager (Male) |
| 14:56 | Create | Villager (Male) |
Build order — carazyfakyo
149 actions detected in the replay
| 0:16 | Build | House |
| 0:18 | Build | House |
| 0:20 | Build | House |
| 0:22 | Build | House |
| 0:27 | Research | Loom |
| 0:27 | Create | Villager (Male) |
| 0:28 | Create | Villager (Male) |
| 0:28 | Create | Villager (Male) |
| 0:28 | Create | Villager (Male) |
| 0:29 | Create | Villager (Male) |
| 0:29 | Create | Villager (Male) |
| 1:31 | Create | Villager (Male) |
| 1:32 | Create | Villager (Male) |
| 1:32 | Create | Villager (Male) |
| 1:32 | Create | Villager (Male) |
| 1:45 | Build | House |
| 1:46 | Build | House |
| 1:49 | Build | House |
| 1:52 | Build | House |
| 2:11 | Create | Villager (Male) |
| 2:11 | Create | Villager (Male) |
| 2:12 | Create | Villager (Male) |
| 2:12 | Create | Villager (Male) |
| 2:13 | Create | Villager (Male) |
| 2:13 | Create | Villager (Male) |
| 2:13 | Create | Villager (Male) |
| 2:15 | Create | Villager (Male) |
| 2:15 | Create | Villager (Male) |
| 2:15 | Create | Villager (Male) |
| 2:17 | Create | Villager (Male) |
| 2:18 | Create | Villager (Male) |
| 3:58 | Build | Mill |
| 4:29 | Build | Mill |
| 7:27 | Build | Lumber Camp |
| 8:38 | Research | Feudal Age |
| 8:48 | Build | Barracks |
| 9:30 | Age | Feudal Age |
| 10:02 | Research | Horse Collar |
| 10:25 | Build | Market |
| 10:35 | Build | Blacksmith |
| 11:06 | Build | Lumber Camp |
| 11:14 | Build | Lumber Camp |
| 11:33 | Research | Castle Age |
| 11:51 | Build | Stone Wall |
| 12:11 | Build | Building 490 |
| 12:37 | Age | Castle Age |
| 12:57 | Build | Town Center |
| 13:02 | Build | Town Center |
| 13:11 | Build | Town Center |
| 13:13 | Build | Town Center |
| 13:19 | Research | Wheelbarrow |
| 13:20 | Create | Villager (Male) |
| 13:20 | Create | Villager (Male) |
| 13:20 | Create | Villager (Male) |
| 13:21 | Create | Villager (Male) |
| 13:21 | Create | Villager (Male) |
| 13:21 | Create | Villager (Male) |
| 13:25 | Create | Villager (Male) |
| 13:26 | Create | Villager (Male) |
| 13:26 | Create | Villager (Male) |
| 13:26 | Create | Villager (Male) |
| 13:27 | Create | Villager (Male) |
| 13:49 | Create | Spearman |
| 13:50 | Create | Spearman |
| 13:50 | Create | Spearman |
| 13:50 | Create | Spearman |
| 13:51 | Create | Spearman |
| 13:51 | Create | Spearman |
| 13:55 | Research | Pikeman (upgrade) |
| 14:02 | Build | Siege Workshop |
| 14:08 | Research | Forging |
| 14:09 | Research | Scale Mail Armor |
| 14:32 | Create | Battering Ram |
| 14:32 | Create | Battering Ram |
| 14:33 | Create | Mangonel |
| 14:34 | Create | Scorpion |
| 14:41 | Build | Archery Range |
| 14:45 | Build | Stable |
| 15:20 | Build | Stone Wall |
| 15:23 | Build | Stone Wall |
| 15:29 | Build | Mining Camp |
| 15:51 | Research | Hand Cart |
| 15:52 | Research | Town Watch |
| 15:52 | Create | Villager (Male) |
| 16:04 | Build | Farm |
| 16:06 | Build | Farm |
| 16:09 | Build | Farm |
| 16:12 | Build | Farm |
| 16:25 | Build | Farm |
| 16:26 | Build | Farm |
| 16:28 | Build | Farm |
| 16:30 | Build | Farm |
| 16:32 | Build | Farm |
| 16:38 | Build | Farm |
| 16:44 | Build | Farm |
| 18:16 | Research | Stone Mining |
| 18:17 | Research | Gold Mining |
| 18:29 | Create | Villager (Male) ×5 |
| 18:30 | Create | Villager (Male) ×5 |
| 18:30 | Create | Villager (Male) ×5 |
| 18:30 | Create | Villager (Male) ×3 |
| 18:30 | Create | Villager (Male) ×3 |
| 18:44 | Build | Farm |
| 18:45 | Build | Farm |
| 18:48 | Build | Farm |
| 18:54 | Build | Farm |
| 19:30 | Build | Castle |
| 19:37 | Build | University |
| 19:42 | Build | Monastery |
| 20:06 | Create | Villager (Male) ×5 |
| 20:07 | Create | Villager (Male) ×5 |
| 20:07 | Create | Villager (Male) ×5 |
| 20:07 | Create | Villager (Male) ×5 |
| 20:08 | Create | Villager (Male) ×5 |
| 20:08 | Create | Villager (Male) |
| 20:08 | Create | Villager (Male) |
| 21:28 | Build | House |
| 21:29 | Build | House |
| 21:31 | Build | House |
| 21:32 | Build | House |
| 21:34 | Build | House |
| 21:37 | Build | House |
| 21:38 | Build | House |
| 21:41 | Build | House |
| 21:43 | Build | House |
| 21:44 | Build | House |
| 21:46 | Build | House |
| 21:47 | Build | House |
| 21:49 | Build | House |
| 21:50 | Build | House |
| 21:52 | Build | House |
| 21:54 | Build | House |
| 21:56 | Build | House |
| 21:58 | Build | House |
| 21:59 | Build | House |
| 22:01 | Build | House |
| 22:03 | Build | House |
| 22:05 | Build | House |
| 22:07 | Build | House |
| 22:10 | Build | House |
| 22:11 | Build | House |
| 22:14 | Build | House |
| 22:15 | Build | House |
| 22:16 | Build | House |
| 22:20 | Build | House |
| 22:22 | Build | House |
| 22:23 | Build | House |
| 22:25 | Build | House |
| 22:39 | Build | Mining Camp |
Build order — Thurndike
First 150 of 644 actions detected
| 0:03 | Build | House |
| 0:04 | Create | Villager (Male) |
| 0:04 | Create | Villager (Male) |
| 0:04 | Create | Villager (Male) |
| 0:04 | Create | Villager (Male) |
| 0:05 | Create | Villager (Male) |
| 0:05 | Create | Villager (Male) |
| 0:05 | Create | Villager (Male) |
| 0:07 | Build | House |
| 0:51 | Research | Loom |
| 0:51 | Research | Loom |
| 0:53 | Create | Villager (Male) |
| 0:53 | Create | Villager (Male) |
| 1:05 | Create | Villager (Male) |
| 1:13 | Build | Mill |
| 1:52 | Create | Villager (Male) |
| 2:07 | Research | Feudal Age |
| 2:08 | Research | Feudal Age |
| 2:09 | Create | Villager (Male) |
| 3:04 | Create | Villager (Male) |
| 3:10 | Age | Feudal Age |
| 3:20 | Create | Villager (Male) |
| 3:47 | Build | House |
| 3:48 | Build | House |
| 3:53 | Build | House |
| 4:04 | Create | Villager (Male) |
| 4:16 | Research | Castle Age |
| 4:51 | Create | Villager (Male) |
| 5:13 | Build | Farm |
| 5:16 | Build | Farm |
| 5:18 | Build | Farm |
| 5:35 | Build | Market |
| 5:37 | Create | Villager (Male) |
| 5:42 | Research | Horse Collar |
| 5:53 | Age | Castle Age |
| 6:00 | Build | Town Center |
| 6:02 | Create | Villager (Male) |
| 6:09 | Build | Town Center |
| 6:09 | Create | Villager (Male) |
| 6:27 | Build | House |
| 6:28 | Build | House |
| 6:36 | Create | Villager (Male) |
| 6:37 | Create | Villager (Male) |
| 6:44 | Create | Villager (Male) |
| 7:03 | Create | Villager (Male) |
| 7:06 | Create | Villager (Male) |
| 7:25 | Create | Villager (Male) |
| 7:28 | Build | House |
| 7:30 | Build | House |
| 7:32 | Create | Villager (Male) |
| 7:35 | Create | Villager (Male) |
| 7:36 | Build | Farm |
| 7:39 | Create | Villager (Male) |
| 7:49 | Build | Lumber Camp |
| 7:52 | Create | Villager (Male) |
| 7:54 | Create | Villager (Male) |
| 8:00 | Build | House |
| 8:00 | Build | House |
| 8:07 | Create | Villager (Male) |
| 8:10 | Create | Villager (Male) |
| 8:16 | Create | Villager (Male) |
| 8:16 | Create | Villager (Male) |
| 8:19 | Create | Villager (Male) |
| 8:27 | Create | Villager (Male) |
| 8:28 | Create | Villager (Male) |
| 8:31 | Build | House |
| 8:34 | Build | House |
| 8:37 | Create | Villager (Male) |
| 8:41 | Create | Villager (Male) |
| 8:44 | Research | Double-Bit Axe |
| 8:44 | Research | Double-Bit Axe |
| 8:58 | Build | Town Center |
| 9:01 | Create | Villager (Male) |
| 9:06 | Build | Farm |
| 9:08 | Build | Farm |
| 9:10 | Build | Farm |
| 9:11 | Build | Farm |
| 9:15 | Create | Villager (Male) |
| 9:15 | Create | Villager (Male) |
| 9:19 | Create | Villager (Male) |
| 9:23 | Build | House |
| 9:24 | Build | House |
| 9:28 | Create | Villager (Male) |
| 9:39 | Build | Farm |
| 9:42 | Research | Wheelbarrow |
| 9:47 | Create | Villager (Male) |
| 9:49 | Create | Villager (Male) |
| 9:58 | Create | Villager (Male) |
| 9:59 | Create | Villager (Male) |
| 10:02 | Create | Villager (Male) |
| 10:09 | Build | House |
| 10:09 | Build | House |
| 10:12 | Create | Villager (Male) |
| 10:14 | Create | Villager (Male) |
| 10:15 | Create | Villager (Male) |
| 10:17 | Create | Villager (Male) |
| 10:20 | Create | Villager (Male) |
| 10:33 | Build | Town Center |
| 10:35 | Create | Villager (Male) |
| 10:40 | Build | Farm |
| 10:42 | Create | Villager (Male) |
| 10:43 | Create | Villager (Male) |
| 10:47 | Build | House |
| 10:48 | Build | House |
| 10:48 | Build | House |
| 10:49 | Create | Villager (Male) |
| 10:54 | Build | Farm |
| 10:55 | Build | Farm |
| 10:56 | Build | Farm |
| 11:00 | Build | Farm |
| 11:02 | Research | Bow Saw |
| 11:02 | Research | Bow Saw |
| 11:04 | Create | Villager (Male) |
| 11:08 | Build | Farm |
| 11:08 | Build | Farm |
| 11:09 | Build | Farm |
| 11:09 | Build | Farm |
| 11:09 | Build | Farm |
| 11:10 | Build | Farm |
| 11:13 | Build | Farm |
| 11:14 | Create | Villager (Male) |
| 11:17 | Build | Mining Camp |
| 11:18 | Create | Villager (Male) |
| 11:20 | Create | Villager (Male) |
| 11:21 | Create | Villager (Male) |
| 11:24 | Build | Farm |
| 11:25 | Build | Farm |
| 11:26 | Create | Villager (Male) |
| 11:29 | Create | Villager (Male) |
| 11:31 | Create | Villager (Male) |
| 11:34 | Build | Farm |
| 11:37 | Research | Heavy Plow |
| 11:38 | Create | Villager (Male) |
| 11:44 | Build | Farm |
| 11:46 | Build | Farm |
| 11:47 | Build | Farm |
| 11:52 | Build | Farm |
| 11:52 | Build | Farm |
| 11:53 | Create | Villager (Male) |
| 11:55 | Create | Villager (Male) |
| 11:55 | Create | Villager (Male) |
| 11:59 | Build | Farm |
| 12:02 | Create | Villager (Male) |
| 12:03 | Create | Villager (Male) |
| 12:05 | Build | House |
| 12:08 | Build | House |
| 12:09 | Create | Villager (Male) |
| 12:12 | Build | Farm |
| 12:21 | Build | Farm |
| 12:25 | Create | Villager (Male) |
Build order — lluneta
First 150 of 213 actions detected
| 0:15 | Build | House |
| 0:16 | Build | House |
| 0:17 | Build | House |
| 0:18 | Build | House |
| 0:36 | Research | Loom |
| 0:36 | Create | Villager (Male) ×5 |
| 0:57 | Build | Palisade Wall |
| 1:03 | Create | Villager (Male) |
| 1:03 | Create | Villager (Male) |
| 1:03 | Create | Villager (Male) |
| 1:58 | Create | Villager (Male) ×5 |
| 2:45 | Build | Mill |
| 3:29 | Build | Lumber Camp |
| 4:18 | Research | Feudal Age |
| 5:10 | Age | Feudal Age |
| 5:15 | Research | Wheelbarrow |
| 5:16 | Create | Villager (Male) ×5 |
| 5:22 | Create | Villager (Male) |
| 5:33 | Build | Market |
| 5:49 | Research | Horse Collar |
| 5:53 | Research | Double-Bit Axe |
| 6:00 | Build | Farm |
| 6:03 | Create | Villager (Male) |
| 6:24 | Build | Stone Wall |
| 6:53 | Build | House |
| 6:55 | Build | House |
| 6:57 | Build | House |
| 6:58 | Build | House |
| 6:59 | Build | House |
| 7:01 | Build | House |
| 7:02 | Build | House |
| 7:07 | Create | Villager (Male) |
| 7:24 | Build | Building 487 |
| 7:45 | Create | Villager (Male) |
| 7:45 | Create | Villager (Male) |
| 7:57 | Build | Barracks |
| 8:25 | Create | Villager (Male) |
| 8:25 | Create | Villager (Male) |
| 8:50 | Build | Archery Range |
| 9:13 | Create | Villager (Male) |
| 9:14 | Create | Villager (Male) |
| 9:27 | Build | House |
| 9:28 | Build | House |
| 9:29 | Build | House |
| 9:30 | Build | House |
| 9:31 | Build | House |
| 9:33 | Build | House |
| 9:35 | Build | House |
| 9:39 | Build | House |
| 9:41 | Build | House |
| 9:42 | Build | House |
| 9:55 | Build | Mining Camp |
| 10:26 | Build | Mining Camp |
| 10:43 | Research | Gold Mining |
| 10:44 | Research | Stone Mining |
| 11:11 | Research | Castle Age |
| 11:21 | Build | Farm |
| 11:49 | Build | Farm |
| 11:51 | Build | Farm |
| 11:52 | Build | Farm |
| 12:22 | Build | Stone Wall |
| 12:37 | Age | Castle Age |
| 13:03 | Research | Hand Cart |
| 13:04 | Create | Villager (Male) ×5 |
| 13:18 | Build | Town Center |
| 13:59 | Build | Mining Camp |
| 14:05 | Create | Villager (Male) |
| 14:06 | Create | Villager (Male) |
| 14:13 | Create | Villager (Male) ×5 |
| 14:13 | Create | Villager (Male) ×5 |
| 14:14 | Create | Villager (Male) ×5 |
| 14:48 | Build | Castle |
| 14:55 | Create | Villager (Male) |
| 14:55 | Create | Villager (Male) |
| 14:55 | Create | Villager (Male) |
| 15:06 | Research | Heavy Plow |
| 15:21 | Build | Mining Camp |
| 15:28 | Build | Building 490 |
| 15:41 | Build | Town Center |
| 15:52 | Create | Villager (Male) ×4 |
| 16:06 | Build | Lumber Camp |
| 16:17 | Build | House |
| 16:18 | Build | House |
| 16:19 | Build | House |
| 16:22 | Build | House |
| 16:23 | Build | House |
| 16:23 | Build | House |
| 16:24 | Build | House |
| 16:24 | Build | House |
| 16:25 | Build | House |
| 16:25 | Build | House |
| 16:26 | Build | House |
| 16:27 | Build | House |
| 16:27 | Build | House |
| 16:28 | Build | House |
| 16:28 | Build | House |
| 16:30 | Build | House |
| 16:30 | Build | House |
| 16:36 | Create | Villager (Male) ×4 |
| 16:36 | Create | Villager (Male) ×4 |
| 16:52 | Build | Town Center |
| 17:00 | Create | Villager (Male) ×2 |
| 17:09 | Build | Farm |
| 17:11 | Build | Farm |
| 17:13 | Build | Farm |
| 17:24 | Build | Farm |
| 17:26 | Build | Farm |
| 17:28 | Build | Farm |
| 17:29 | Build | Farm |
| 17:31 | Build | Farm |
| 17:33 | Build | Farm |
| 17:34 | Build | Farm |
| 17:37 | Create | Villager (Male) ×3 |
| 17:37 | Create | Villager (Male) ×3 |
| 17:55 | Build | Mining Camp |
| 17:58 | Create | Trade Cart |
| 17:58 | Create | Trade Cart |
| 18:24 | Build | House |
| 18:25 | Build | House |
| 18:26 | Build | House |
| 18:27 | Build | House |
| 18:28 | Build | House |
| 18:28 | Build | House |
| 18:33 | Create | Villager (Male) ×5 |
| 18:39 | Build | Lumber Camp |
| 19:19 | Research | Gold Shaft Mining |
| 19:31 | Create | Villager (Male) ×5 |
| 19:44 | Build | Farm |
| 19:46 | Build | Farm |
| 19:47 | Build | Farm |
| 19:49 | Build | Farm |
| 20:00 | Research | Imperial Age |
| 20:12 | Build | Castle |
| 20:17 | Build | Archery Range |
| 20:18 | Build | Archery Range |
| 20:20 | Build | Archery Range |
| 20:21 | Build | Archery Range |
| 20:24 | Build | Archery Range |
| 20:29 | Research | Sipahi |
| 20:30 | Create | Janissary ×5 |
| 20:30 | Create | Janissary ×5 |
| 20:43 | Create | Villager (Male) ×2 |
| 20:55 | Build | Farm |
| 20:56 | Build | Farm |
| 20:57 | Build | Farm |
| 21:05 | Create | Villager (Male) ×5 |
| 21:16 | Age | Imperial Age |
| 21:44 | Build | Lumber Camp |
| 21:46 | Research | Bow Saw |
| 21:49 | Create | Villager (Male) ×5 |
Build order — glenn jacobs
First 150 of 521 actions detected
| 0:02 | Create | Villager (Male) ×5 |
| 0:07 | Build | House |
| 0:12 | Build | House |
| 0:12 | Create | Villager (Male) |
| 0:28 | Create | Villager (Male) |
| 0:40 | Create | Villager (Male) |
| 0:45 | Research | Loom |
| 1:00 | Build | Palisade Wall |
| 1:08 | Create | Villager (Male) |
| 1:08 | Create | Villager (Male) |
| 1:20 | Build | Palisade Wall |
| 1:20 | Create | Villager (Male) |
| 1:21 | Create | Villager (Male) |
| 1:22 | Create | Villager (Male) |
| 1:25 | Create | Villager (Male) |
| 1:46 | Create | Villager (Male) |
| 1:46 | Create | Villager (Male) |
| 1:46 | Create | Villager (Male) |
| 1:50 | Create | Villager (Male) |
| 2:03 | Create | Villager (Male) |
| 2:03 | Create | Villager (Male) |
| 2:03 | Create | Villager (Male) |
| 2:04 | Create | Villager (Male) |
| 2:07 | Build | Palisade Wall |
| 2:24 | Create | Villager (Male) |
| 2:24 | Create | Villager (Male) |
| 2:24 | Create | Villager (Male) |
| 2:34 | Create | Villager (Male) |
| 2:54 | Build | Mill |
| 3:07 | Build | Lumber Camp |
| 3:30 | Research | Feudal Age |
| 3:38 | Build | House |
| 4:22 | Create | Villager (Male) |
| 4:48 | Age | Feudal Age |
| 4:49 | Create | Villager (Male) |
| 4:57 | Create | Villager (Male) |
| 5:44 | Create | Villager (Male) |
| 5:51 | Build | Stone Wall |
| 6:04 | Create | Villager (Male) |
| 6:22 | Build | Market |
| 6:25 | Build | Blacksmith |
| 6:33 | Build | Blacksmith |
| 6:47 | Build | Lumber Camp |
| 7:00 | Build | Mill |
| 7:07 | Research | Castle Age |
| 7:51 | Create | Villager (Male) |
| 8:11 | Age | Castle Age |
| 8:23 | Create | Villager (Male) |
| 8:27 | Research | Double-Bit Axe |
| 8:31 | Build | House |
| 8:52 | Build | Town Center |
| 8:55 | Create | Villager (Male) |
| 9:09 | Build | Town Center |
| 9:13 | Research | Bow Saw |
| 9:27 | Build | Town Center |
| 9:30 | Create | Villager (Male) |
| 9:56 | Build | House |
| 9:57 | Build | House |
| 9:59 | Build | House |
| 10:11 | Create | Villager (Male) |
| 10:11 | Create | Villager (Male) |
| 10:14 | Build | Farm |
| 10:17 | Research | Horse Collar |
| 10:22 | Create | Villager (Male) |
| 10:22 | Create | Villager (Male) |
| 10:24 | Create | Villager (Male) |
| 10:38 | Build | Palisade Wall |
| 10:41 | Build | Palisade Wall |
| 10:47 | Build | Palisade Wall |
| 10:51 | Build | Palisade Wall |
| 11:02 | Create | Villager (Male) |
| 11:03 | Create | Villager (Male) |
| 11:05 | Build | Farm |
| 11:07 | Build | Farm |
| 11:08 | Create | Villager (Male) |
| 11:11 | Research | Heavy Plow |
| 11:11 | Create | Villager (Male) |
| 11:17 | Create | Villager (Male) |
| 11:20 | Build | Farm |
| 11:22 | Create | Villager (Male) |
| 11:25 | Build | Farm |
| 11:26 | Create | Villager (Male) |
| 11:28 | Research | Wheelbarrow |
| 11:29 | Create | Villager (Male) |
| 11:31 | Build | Farm |
| 11:45 | Create | Villager (Male) |
| 11:51 | Create | Villager (Male) |
| 11:54 | Build | Farm |
| 11:57 | Build | Farm |
| 12:01 | Build | Farm |
| 12:03 | Create | Villager (Male) |
| 12:04 | Create | Villager (Male) |
| 12:06 | Build | Farm |
| 12:10 | Build | Farm |
| 12:11 | Build | Farm |
| 12:16 | Build | House |
| 12:23 | Build | House |
| 12:27 | Build | House |
| 12:30 | Build | House |
| 12:31 | Build | House |
| 12:33 | Create | Villager (Male) |
| 12:35 | Create | Villager (Male) |
| 12:39 | Build | Farm |
| 12:43 | Build | Farm |
| 12:44 | Create | Villager (Male) |
| 12:45 | Create | Villager (Male) |
| 12:51 | Build | Outpost |
| 12:56 | Research | Hand Cart |
| 12:56 | Research | Town Watch |
| 12:57 | Create | Villager (Male) |
| 12:59 | Create | Villager (Male) |
| 12:59 | Create | Villager (Male) |
| 13:01 | Build | Farm |
| 13:18 | Build | Market |
| 13:22 | Build | House |
| 13:24 | Create | Villager (Male) |
| 13:30 | Build | Outpost |
| 13:31 | Create | Villager (Male) |
| 13:35 | Create | Villager (Male) |
| 13:35 | Create | Villager (Male) |
| 13:40 | Build | Farm |
| 13:40 | Build | Farm |
| 13:41 | Build | Farm |
| 13:41 | Build | Farm |
| 13:41 | Build | Farm |
| 13:42 | Build | Farm |
| 13:44 | Create | Villager (Male) |
| 13:50 | Create | Villager (Male) |
| 13:50 | Create | Villager (Male) |
| 13:57 | Build | Town Center |
| 13:59 | Create | Villager (Male) |
| 14:04 | Create | Villager (Male) |
| 14:04 | Create | Villager (Male) |
| 14:07 | Build | Farm |
| 14:08 | Create | Villager (Male) |
| 14:15 | Build | Outpost |
| 14:18 | Build | Outpost |
| 14:21 | Build | Outpost |
| 14:30 | Build | Outpost |
| 14:34 | Build | House |
| 14:35 | Build | House |
| 14:36 | Create | Villager (Male) |
| 14:38 | Build | Farm |
| 14:39 | Create | Villager (Male) |
| 14:41 | Create | Villager (Male) |
| 14:41 | Create | Villager (Male) |
| 14:44 | Build | Mining Camp |
| 14:44 | Create | Villager (Male) |
| 14:49 | Research | Town Watch |
| 14:54 | Build | Farm |
Build order — DucHandsome
First 150 of 495 actions detected
| 0:02 | Create | Villager (Male) |
| 0:03 | Create | Villager (Male) |
| 0:04 | Build | House |
| 0:11 | Create | Villager (Male) |
| 0:17 | Build | House |
| 0:31 | Create | Villager (Male) |
| 0:40 | Build | Mill |
| 0:55 | Build | Palisade Wall |
| 1:03 | Create | Villager (Male) |
| 1:04 | Create | Villager (Male) |
| 1:06 | Research | Loom |
| 2:10 | Build | House |
| 2:40 | Build | Lumber Camp |
| 2:44 | Create | Villager (Male) |
| 2:44 | Create | Villager (Male) |
| 3:24 | Build | House |
| 3:27 | Build | House |
| 3:35 | Build | House |
| 3:39 | Research | Feudal Age |
| 4:03 | Build | Mining Camp |
| 4:31 | Age | Feudal Age |
| 4:33 | Build | House |
| 4:36 | Create | Villager (Male) |
| 4:43 | Build | Market |
| 4:49 | Build | Blacksmith |
| 5:04 | Create | Villager (Male) |
| 5:20 | Research | Castle Age |
| 5:21 | Research | Castle Age |
| 5:37 | Research | Wheelbarrow |
| 5:39 | Research | Double-Bit Axe |
| 6:18 | Build | House |
| 6:33 | Age | Castle Age |
| 6:43 | Create | Villager (Male) |
| 6:43 | Create | Villager (Male) |
| 6:59 | Build | Town Center |
| 7:17 | Build | Town Center |
| 7:29 | Create | Villager (Male) |
| 7:42 | Build | Stone Wall |
| 8:02 | Create | Villager (Male) |
| 8:03 | Create | Villager (Male) |
| 8:03 | Create | Villager (Male) |
| 8:06 | Create | Villager (Male) |
| 8:12 | Create | Villager (Male) |
| 8:14 | Create | Villager (Male) |
| 8:14 | Create | Villager (Male) |
| 8:14 | Create | Villager (Male) |
| 8:39 | Create | Villager (Male) |
| 8:47 | Build | Mill |
| 9:18 | Create | Villager (Male) |
| 9:19 | Create | Villager (Male) |
| 9:24 | Create | Villager (Male) |
| 9:24 | Create | Villager (Male) |
| 9:28 | Create | Villager (Male) |
| 9:28 | Create | Villager (Male) |
| 9:28 | Create | Villager (Male) |
| 9:33 | Build | Mining Camp |
| 9:47 | Build | Farm |
| 9:49 | Build | Farm |
| 9:56 | Build | Farm |
| 10:01 | Create | Villager (Male) |
| 10:04 | Create | Villager (Male) |
| 10:08 | Build | Farm |
| 10:26 | Build | Town Center |
| 10:33 | Build | Farm |
| 10:41 | Create | Villager (Male) |
| 10:45 | Create | Villager (Male) |
| 10:49 | Build | Farm |
| 11:01 | Create | Villager (Male) |
| 11:01 | Create | Villager (Male) |
| 11:03 | Create | Villager (Male) |
| 11:07 | Create | Villager (Male) |
| 11:12 | Build | Farm |
| 11:17 | Build | Town Center |
| 11:26 | Build | Farm |
| 11:27 | Create | Villager (Male) |
| 11:32 | Build | Farm |
| 11:33 | Create | Villager (Male) |
| 11:34 | Create | Villager (Male) |
| 11:55 | Research | Caravan |
| 11:56 | Create | Trade Cart |
| 11:57 | Create | Trade Cart |
| 11:57 | Create | Trade Cart |
| 11:57 | Create | Trade Cart |
| 12:00 | Build | Farm |
| 12:01 | Create | Villager (Male) |
| 12:04 | Build | Farm |
| 12:08 | Build | Farm |
| 12:11 | Create | Villager (Male) |
| 12:12 | Create | Villager (Male) |
| 12:14 | Build | Farm |
| 12:15 | Create | Villager (Male) |
| 12:19 | Build | Lumber Camp |
| 12:22 | Create | Villager (Male) |
| 12:22 | Create | Villager (Male) |
| 12:24 | Create | Villager (Male) |
| 12:35 | Create | Villager (Male) |
| 12:35 | Create | Villager (Male) |
| 12:42 | Build | House |
| 12:42 | Build | House |
| 12:43 | Build | House |
| 12:43 | Build | House |
| 12:43 | Build | House |
| 12:45 | Build | House |
| 12:46 | Build | House |
| 12:46 | Build | House |
| 12:46 | Build | House |
| 12:47 | Build | House |
| 12:51 | Create | Villager (Male) |
| 12:59 | Build | Farm |
| 13:01 | Build | Farm |
| 13:05 | Create | Villager (Male) |
| 13:08 | Build | Farm |
| 13:11 | Create | Villager (Male) |
| 13:25 | Build | Farm |
| 13:27 | Create | Villager (Male) |
| 13:32 | Build | Farm |
| 13:35 | Create | Villager (Male) |
| 13:48 | Build | Castle |
| 14:06 | Build | Building 673 |
| 14:11 | Build | House |
| 14:11 | Build | House |
| 14:12 | Build | House |
| 14:12 | Build | House |
| 14:12 | Build | House |
| 14:13 | Build | House |
| 14:14 | Build | House |
| 14:14 | Build | House |
| 14:14 | Build | House |
| 14:15 | Build | House |
| 14:21 | Build | Farm |
| 14:22 | Build | Farm |
| 14:23 | Build | Farm |
| 14:25 | Build | Farm |
| 14:27 | Build | Farm |
| 14:29 | Build | Farm |
| 14:30 | Build | Farm |
| 14:32 | Create | Villager (Male) |
| 14:33 | Create | Villager (Male) |
| 14:33 | Create | Villager (Male) |
| 14:36 | Build | Farm |
| 14:39 | Build | Farm |
| 14:40 | Create | Villager (Male) |
| 14:41 | Create | Villager (Male) |
| 14:41 | Create | Villager (Male) |
| 14:47 | Research | Hand Cart |
| 14:50 | Research | Stone Mining |
| 14:52 | Research | Gold Mining |
| 14:55 | Research | Bow Saw |
| 15:24 | Create | Trade Cart |
| 15:25 | Create | Trade Cart |
Match timeline
| 0:37 | ali_bs_casa · wall_segment Palisade Wall x6 |
| 0:55 | DucHandsome · wall_segment Palisade Wall x11 |
| 0:57 | lluneta · wall_segment Palisade Wall x11 |
| 1:00 | glenn jacobs · wall_segment Palisade Wall x13 |
| 1:20 | glenn jacobs · wall_segment Palisade Wall x7 |
| 2:06 | ali_bs_casa · wall_segment Palisade Wall x9 |
| 2:07 | glenn jacobs · wall_segment Palisade Wall x9 |
| 2:21 | DinoZur sur la cote d'Azur · age_up feudal |
| 2:36 | ali_bs_casa · age_up feudal |
| 2:59 | ali_bs_casa · wall_segment Stone Wall x9 |
| 3:10 | Thurndike · age_up feudal |
| 3:29 | MochaFeline · age_up feudal |
| 4:20 | DinoZur sur la cote d'Azur · wall_segment Stone Wall x10 |
| 4:22 | ali_bs_casa · first_market_sell 500 stone |
| 4:23 | ali_bs_casa · first_market_buy 100 food |
| 4:31 | DucHandsome · age_up feudal |
| 4:48 | glenn jacobs · age_up feudal |
| 5:10 | lluneta · age_up feudal |
| 5:34 | ali_bs_casa · age_up castle |
| 5:45 | MochaFeline · age_up castle |
| 5:51 | glenn jacobs · wall_segment Stone Wall x10 |
| 5:53 | Thurndike · age_up castle |
| 6:15 | DinoZur sur la cote d'Azur · wall_segment Stone Wall x20 |
| 6:24 | lluneta · wall_segment Stone Wall x12 |
| 6:33 | DucHandsome · age_up castle |
| 6:35 | ali_bs_casa · wall_segment Stone Wall x11 |
| 6:40 | MochaFeline · first_building Monastery |
| 6:50 | DucHandsome · first_market_buy 100 wood |
| 7:42 | DucHandsome · wall_segment Stone Wall x14 |
| 7:57 | lluneta · first_building Barracks |
| 8:11 | glenn jacobs · age_up castle |
| 8:47 | ali_bs_casa · first_building Monastery |
| 8:48 | carazyfakyo · first_building Barracks |
| 8:50 | lluneta · first_building Archery Range |
| 9:04 | DinoZur sur la cote d'Azur · wall_segment Stone Wall x16 |
| 9:30 | carazyfakyo · age_up feudal |
| 10:38 | glenn jacobs · wall_segment Palisade Wall x1 |
| 10:41 | glenn jacobs · wall_segment Palisade Wall x1 |
| 10:47 | glenn jacobs · wall_segment Palisade Wall x1 |
| 10:48 | DinoZur sur la cote d'Azur · wall_segment Stone Wall x1 |
| 10:50 | ali_bs_casa · first_building Siege Workshop |
| 10:51 | glenn jacobs · wall_segment Palisade Wall x1 |
| 11:51 | carazyfakyo · wall_segment Stone Wall x19 |
| 12:22 | lluneta · wall_segment Stone Wall x27 |
| 12:26 | DinoZur sur la cote d'Azur · age_up castle |
| 12:37 | lluneta · age_up castle |
| 12:37 | carazyfakyo · age_up castle |
| 12:54 | DinoZur sur la cote d'Azur · first_building Siege Workshop |
| 13:24 | Thurndike · first_building Stable |
| 13:36 | Thurndike · first_building Siege Workshop |
| 13:48 | DucHandsome · first_building Castle |
| 14:02 | MochaFeline · first_building Castle |
| 14:02 | carazyfakyo · first_building Siege Workshop |
| 14:11 | ali_bs_casa · first_building Castle |
| 14:32 | ali_bs_casa · first_building Stable |
| 14:41 | carazyfakyo · first_building Archery Range |
| 14:45 | carazyfakyo · first_building Stable |
| 14:48 | lluneta · first_building Castle |
| 15:09 | MochaFeline · age_up imperial |
| 15:14 | DinoZur sur la cote d'Azur · wall_segment Stone Wall x16 |
| 15:20 | carazyfakyo · wall_segment Stone Wall x13 |
| 15:23 | carazyfakyo · wall_segment Stone Wall x12 |
| 15:25 | glenn jacobs · first_building Barracks |
| 15:30 | DinoZur sur la cote d'Azur · wall_segment Stone Wall x11 |
| 15:45 | Thurndike · age_up imperial |
| 15:51 | MochaFeline · first_building Barracks |
| 16:41 | DucHandsome · first_building Barracks |
| 16:48 | ali_bs_casa · age_up imperial |
| 17:10 | DucHandsome · first_building Stable |
| 17:15 | DucHandsome · age_up imperial |
| 17:37 | MochaFeline · first_building Stable |
| 17:50 | DinoZur sur la cote d'Azur · wall_segment Stone Wall x11 |
| 18:04 | glenn jacobs · first_building Monastery |
| 18:15 | MochaFeline · first_building Siege Workshop |
| 18:50 | DinoZur sur la cote d'Azur · wall_segment Stone Wall x16 |
| 19:14 | DinoZur sur la cote d'Azur · first_building Castle |
| 19:30 | glenn jacobs · first_building Castle |
| 19:30 | carazyfakyo · first_building Castle |
| 19:42 | carazyfakyo · first_building Monastery |
| 19:45 | glenn jacobs · age_up imperial |
| 19:59 | Thurndike · first_building Castle |
| 21:16 | lluneta · age_up imperial |
| 21:34 | ali_bs_casa · wall_segment Stone Wall x16 |
| 21:48 | DinoZur sur la cote d'Azur · first_building Barracks |
| 21:51 | DucHandsome · first_building Monastery |
| 22:09 | DinoZur sur la cote d'Azur · wall_segment Stone Wall x21 |
| 22:40 | DinoZur sur la cote d'Azur · age_up imperial |
| 22:50 | carazyfakyo · resign |
| 23:05 | ali_bs_casa · first_building Barracks |
| 25:33 | DinoZur sur la cote d'Azur · wall_segment Stone Wall x26 |
| 26:24 | DinoZur sur la cote d'Azur · first_market_sell 100 wood |
| 26:59 | MochaFeline · first_market_sell 500 food |
| 27:09 | Thurndike · first_market_sell 500 food |
| 28:15 | glenn jacobs · first_building Archery Range |
| 28:52 | DucHandsome · first_building Siege Workshop |
| 30:02 | Thurndike · wall_segment Stone Wall x14 |
| 30:27 | DinoZur sur la cote d'Azur · wall_segment Stone Wall x14 |
| 30:29 | Thurndike · wall_segment Stone Wall x1 |
| 30:37 | glenn jacobs · first_market_buy 100 stone |
| 31:06 | Thurndike · wall_segment Stone Wall x1 |
| 31:35 | Thurndike · wall_segment Stone Wall x6 |
| 31:40 | DinoZur sur la cote d'Azur · wall_segment Stone Wall x22 |
| 34:45 | DucHandsome · first_market_sell 500 stone |
| 34:58 | Thurndike · wall_segment Stone Wall x12 |
| 35:12 | Thurndike · first_market_buy 100 stone |
| 35:14 | Thurndike · wall_segment Stone Wall x2 |
| 35:15 | Thurndike · wall_segment Stone Wall x1 |
| 35:21 | Thurndike · wall_segment Stone Wall x3 |
| 36:08 | DinoZur sur la cote d'Azur · wall_segment Stone Wall x3 |
| 37:56 | glenn jacobs · first_building Siege Workshop |
| 39:45 | Thurndike · wall_segment Stone Wall x7 |
| 40:04 | Thurndike · wall_segment Stone Wall x1 |
| 40:09 | Thurndike · wall_segment Stone Wall x5 |
| 40:17 | Thurndike · wall_segment Stone Wall x1 |
| 42:26 | DinoZur sur la cote d'Azur · wall_segment Stone Wall x3 |
[ AI ANALYSIS · 1 CREDIT ]
What really happened in this match?
Wolo.gg analyzes every decision: build order, eco, micro, common mistakes by bracket. Personalized analysis on WhatsApp or Discord in 30 seconds.
Civ guide
Bohemians
Perfil
Jugador #666971